| TOP OF THE 1ST |
|
Beloit Snappers batting - Pitching for Charleston RiverDogs : RHP Soh Kawashima
|
|
Pitching: RHP Soh Kawashima
|
|
|
Batting: RHB Dan Boylan
|
0-0: Ball 1-0: Ball 2-0: Ground out 3-1 (Groundball, 34D, EV 101.9 MPH)
|
|
Batting: RHB Scott Wiggs
|
0-0: Called Strike 0-1: Foul Ball, location: 2F 0-2: SOLO HOME RUN (Flyball, 78XD, EV 115.0 MPH), Distance : 466 ft
|
|
Batting: SHB D.J. Codd
|
0-0: Ball 1-0: Foul Ball, location: 2F 1-1: Ground out 4-3 (Groundball, 4, EV 86.2 MPH)
|
|
Batting: RHB Diwan Abdul-Salam
|
0-0: Ball 1-0: Ground out 6-3 (Groundball, 6, EV 85.6 MPH)
|
| Top of the 1st over - 1 run, 1 hit, 0 errors, 0 left on base; Beloit 1 - Charleston 0 |
| BOTTOM OF THE 1ST |
|
Charleston RiverDogs batting - Pitching for Beloit Snappers : RHP Theodore Behr
|
|
Pitching: RHP Theodore Behr
|
|
|
Batting: LHB Tatsuo Yasui
|
0-0: Called Strike 0-1: Foul Ball, location: 2F 0-2: Ball 1-2: Ball 2-2: Ball 3-2: Foul Ball, location: 2F 3-2: Foul Ball, location: 2F 3-2: Strikes out looking
|
|
Batting: SHB Blake Abbott
|
0-0: Called Strike 0-1: Foul Ball, location: 2F 0-2: Fly out, F4 (Popup, 4M, EV 64.4 MPH)
|
|
Batting: RHB James Boynton
|
0-0: SINGLE (Groundball, 25, EV 72.5 MPH) (infield hit)
|
|
Batting: SHB Reagan Dudley
|
0-0: Called Strike James Boynton steals 2nd base 0-1: Ball 1-1: Ball 2-1: Ball 3-1: Base on Balls
|
|
Batting: RHB Riley Nasiir
|
0-0: Ball 1-0: Ball 2-0: Swinging Strike 2-1: Foul Ball, location: 2F 2-2: Ball 3-2: Foul Ball, location: 2F 3-2: Foul Ball, location: 2F 3-2: SINGLE (Flyball, 5D, EV 93.1 MPH) James Boynton to third Reagan Dudley to second James Boynton scores Reagan Dudley to third
|
|
Batting: SHB Mike Goad
|
0-0: Fly out, F8 (Flyball, 78D, EV 103.1 MPH)
|
| Bottom of the 1st over - 1 run, 2 hits, 0 errors, 2 left on base; Beloit 1 - Charleston 1 |
| TOP OF THE 2ND |
|
Beloit Snappers batting - Pitching for Charleston RiverDogs : RHP Soh Kawashima
|
|
Batting: RHB Manny Vizzerra
|
0-0: Called Strike 0-1: Called Strike 0-2: Foul Ball, location: 2F 0-2: Foul Ball, location: 2F 0-2: Ball 1-2: Ball 2-2: SINGLE (Flyball, 89S, EV 96.2 MPH) - OUT at second base trying to stretch hit.
|
|
Batting: RHB Rick Linders
|
0-0: Ball 1-0: Fly out, F3 (Flyball, 3D, EV 96.9 MPH)
|
|
Batting: RHB Travis Lanctot
|
0-0: Called Strike 0-1: Ball 1-1: Foul Ball, location: 2F 1-2: Ball 2-2: Ball 3-2: Single, Error in OF, E8, batter to second base (Groundball, 6MD, EV 96.2 MPH)
|
|
Batting: LHB Raita Inouye
|
0-0: Called Strike 0-1: DOUBLE (Groundball, 5L, EV 106.2 MPH) Travis Lanctot scores
|
|
Batting: RHB Jim Conrad
|
0-0: Ball 1-0: Called Strike 1-1: Foul Ball, location: 2F 1-2: Ball 2-2: Fly out, F7 (Flyball, 78M, EV 88.1 MPH)
|
| Top of the 2nd over - 1 run, 3 hits, 1 error, 1 left on base; Beloit 2 - Charleston 1 |
| BOTTOM OF THE 2ND |
|
Charleston RiverDogs batting - Pitching for Beloit Snappers : RHP Theodore Behr
|
|
Batting: RHB Eric Blais
|
0-0: Ball 1-0: Ball 2-0: Swinging Strike 2-1: Ball 3-1: Foul Ball, location: 2F 3-2: Strikes out looking
|
|
Batting: RHB Miguel Leal
|
0-0: Swinging Strike 0-1: Swinging Strike 0-2: Foul Ball, location: 2F 0-2: Ball 1-2: Strikes out looking
|
|
Batting: LHB Alex Genao
|
0-0: Called Strike 0-1: Ball 1-1: Ball 2-1: Fly out, F3 (Line Drive, 3, EV 66.9 MPH)
|
| Bottom of the 2nd over - 0 runs, 0 hits, 0 errors, 0 left on base; Beloit 2 - Charleston 1 |
| TOP OF THE 3RD |
|
Beloit Snappers batting - Pitching for Charleston RiverDogs : RHP Soh Kawashima
|
|
Batting: RHB Dan Boylan
|
0-0: Foul Ball, location: 2F 0-1: Swinging Strike 0-2: Ground out 4-3 (Groundball, 4MS, EV 77.5 MPH)
|
|
Batting: RHB Scott Wiggs
|
0-0: Ball 1-0: SINGLE (Line Drive, 89M, EV 104.4 MPH)
|
|
Batting: SHB D.J. Codd
|
0-0: Called Strike 0-1: Swinging Strike 0-2: Strikes out swinging
|
|
Batting: RHB Diwan Abdul-Salam
|
0-0: Ball Scott Wiggs steals 2nd base 1-0: Called Strike Scott Wiggs steals 3rd base 1-1: Ground out 5-3 (Groundball, 56, EV 85.0 MPH)
|
| Top of the 3rd over - 0 runs, 1 hit, 0 errors, 1 left on base; Beloit 2 - Charleston 1 |
| BOTTOM OF THE 3RD |
|
Charleston RiverDogs batting - Pitching for Beloit Snappers : RHP Theodore Behr
|
|
Batting: LHB Tatsuo Yasui
|
0-0: DOUBLE (Flyball, 78XD, EV 111.2 MPH)
|
|
Batting: SHB Blake Abbott
|
0-0: Ground out 5-3 (Groundball, 56, EV 101.2 MPH)
|
|
Batting: RHB James Boynton
|
0-0: Called Strike 0-1: Ball 1-1: Called Strike 1-2: Foul Ball, location: 2F 1-2: Ball 2-2: Foul Ball, location: 2F 2-2: Foul Ball, location: 2F 2-2: Strikes out swinging
|
|
Batting: SHB Reagan Dudley
|
0-0: Called Strike 0-1: Ball Wild Pitch! Tatsuo Yasui to third 1-1: Ball 2-1: Swinging Strike 2-2: Ball 3-2: Ground out 4-3 (Groundball, 4, EV 90.0 MPH)
|
| Bottom of the 3rd over - 0 runs, 1 hit, 0 errors, 1 left on base; Beloit 2 - Charleston 1 |
| TOP OF THE 4TH |
|
Beloit Snappers batting - Pitching for Charleston RiverDogs : RHP Soh Kawashima
|
|
Batting: RHB Manny Vizzerra
|
0-0: Ground out 3-1 (Groundball, 34, EV 103.8 MPH)
|
|
Batting: RHB Rick Linders
|
0-0: Ground out 5-3 (Groundball, 56, EV 101.9 MPH)
|
|
Batting: RHB Travis Lanctot
|
0-0: SINGLE (Groundball, 4MD, EV 96.9 MPH)
|
|
Batting: LHB Raita Inouye
|
0-0: Called Strike 0-1: Foul Ball, location: 2F 0-2: Ball 1-2: Foul Ball, location: 2F 1-2: Foul Ball, location: 2F 1-2: Ground out 5-3 (Groundball, 56, EV 108.1 MPH)
|
| Top of the 4th over - 0 runs, 1 hit, 0 errors, 1 left on base; Beloit 2 - Charleston 1 |
| BOTTOM OF THE 4TH |
|
Charleston RiverDogs batting - Pitching for Beloit Snappers : RHP Theodore Behr
|
|
Batting: RHB Riley Nasiir
|
0-0: Foul Ball, location: 2F 0-1: Ball 1-1: Foul Ball, location: 2F 1-2: SINGLE (Line Drive, 8LS, EV 96.9 MPH)
|
|
Batting: SHB Mike Goad
|
0-0: Ball Riley Nasiir steals 2nd base 1-0: Called Strike 1-1: Ball 2-1: Swinging Strike 2-2: Fly out, F7 (Flyball, 7LM, EV 96.9 MPH)
|
|
Batting: RHB Eric Blais
|
0-0: Called Strike 0-1: Swinging Strike 0-2: Foul Ball, location: 2F 0-2: Foul Ball, location: 2F 0-2: Strikes out looking
|
|
Batting: RHB Miguel Leal
|
0-0: Called Strike 0-1: Ball 1-1: Fly out, F8 (Flyball, 8RXD, EV 95.6 MPH)
|
| Bottom of the 4th over - 0 runs, 1 hit, 0 errors, 1 left on base; Beloit 2 - Charleston 1 |
| TOP OF THE 5TH |
|
Beloit Snappers batting - Pitching for Charleston RiverDogs : RHP Soh Kawashima
|
|
Batting: RHB Jim Conrad
|
0-0: SINGLE (Groundball, 34D, EV 97.5 MPH)
|
|
Batting: RHB Dan Boylan
|
0-0: Called Strike 0-1: Fielders Choice at 2nd, 6-4 (Groundball, 56, EV 103.8 MPH)
|
|
Batting: RHB Scott Wiggs
|
0-0: Ball 1-0: Ball 2-0: Called Strike 2-1: Foul Ball, location: 2F 2-2: Strikes out swinging
|
|
Batting: SHB D.J. Codd
|
0-0: Ball Dan Boylan is caught stealing 2nd base 2-6
|
| Top of the 5th over - 0 runs, 1 hit, 0 errors, 0 left on base; Beloit 2 - Charleston 1 |
| BOTTOM OF THE 5TH |
|
Charleston RiverDogs batting - Pitching for Beloit Snappers : RHP Theodore Behr
|
|
Batting: LHB Alex Genao
|
0-0: Called Strike 0-1: Ground out 4-3 (Groundball, 4S, EV 66.9 MPH)
|
|
Batting: LHB Tatsuo Yasui
|
0-0: Ball 1-0: Fly out, F8 (Flyball, 8RS, EV 94.4 MPH)
|
|
Batting: SHB Blake Abbott
|
0-0: Called Strike 0-1: Ball 1-1: SINGLE (Groundball, 6M, EV 87.5 MPH) (infield hit)
|
|
Batting: RHB James Boynton
|
0-0: Ball 1-0: Swinging Strike 1-1: Called Strike 1-2: Foul Ball, location: 2F 1-2: Foul Ball, location: 2F 1-2: Foul Ball, location: 2F 1-2: Ball 2-2: Ground out 4-3 (Groundball, 4, EV 105.0 MPH)
|
| Bottom of the 5th over - 0 runs, 1 hit, 0 errors, 1 left on base; Beloit 2 - Charleston 1 |
| TOP OF THE 6TH |
|
Beloit Snappers batting - Pitching for Charleston RiverDogs : RHP Soh Kawashima
|
|
Batting: SHB D.J. Codd
|
0-0: Called Strike 0-1: Ball 1-1: Ball 2-1: Fly out, F7 (Flyball, 78M, EV 73.1 MPH)
|
|
Batting: RHB Diwan Abdul-Salam
|
0-0: Called Strike 0-1: Called Strike 0-2: Fly out, F8 (Flyball, 78XD, EV 88.8 MPH)
|
|
Batting: RHB Manny Vizzerra
|
0-0: Ball 1-0: Foul Ball, location: 2F 1-1: Foul Ball, location: 2F 1-2: Foul Ball, location: 2F 1-2: Ball 2-2: Ball 3-2: Fly out, F9 (Line Drive, 9, EV 96.2 MPH)
|
| Top of the 6th over - 0 runs, 0 hits, 0 errors, 0 left on base; Beloit 2 - Charleston 1 |
| BOTTOM OF THE 6TH |
|
Charleston RiverDogs batting - Pitching for Beloit Snappers : RHP Theodore Behr
|
|
Pitching: LHP Jimmy Ford
|
|
|
Batting: SHB Reagan Dudley
|
0-0: Ball 1-0: Ball 2-0: Called Strike 2-1: Ball 3-1: Base on Balls
|
|
Batting: RHB Riley Nasiir
|
0-0: Ball 1-0: Called Strike 1-1: Ball 2-1: Called Strike 2-2: Fly out, F8 (Flyball, 8LS, EV 93.1 MPH)
|
|
Batting: SHB Mike Goad
|
0-0: Ball 1-0: Ball 2-0: Foul Ball, location: 2F 2-1: Foul Ball, location: 2F 2-2: Strikes out swinging
|
|
Batting: RHB Eric Blais
|
0-0: Fielders Choice at 2nd, 6-4 (Groundball, 6, EV 102.5 MPH)
|
| Bottom of the 6th over - 0 runs, 0 hits, 0 errors, 1 left on base; Beloit 2 - Charleston 1 |
| TOP OF THE 7TH |
|
Beloit Snappers batting - Pitching for Charleston RiverDogs : RHP Soh Kawashima
|
|
Batting: RHB Rick Linders
|
0-0: Ground out 5-3 (Groundball, 56S, EV 84.4 MPH)
|
|
Batting: RHB Travis Lanctot
|
0-0: Ball 1-0: Foul Ball, location: 2F 1-1: Foul Ball, location: 2F 1-2: Ball 2-2: Strikes out swinging
|
|
Batting: LHB Raita Inouye
|
0-0: Foul Ball, location: 2F 0-1: Called Strike 0-2: Ball 1-2: Ground out 6-3 (Groundball, 6MD, EV 76.9 MPH)
|
| Top of the 7th over - 0 runs, 0 hits, 0 errors, 0 left on base; Beloit 2 - Charleston 1 |
| BOTTOM OF THE 7TH |
|
Charleston RiverDogs batting - Pitching for Beloit Snappers : LHP Jimmy Ford
|
|
Batting: RHB Miguel Leal
|
0-0: Fly out, F7 (Flyball, 7D, EV 97.5 MPH)
|
|
Batting: LHB Alex Genao
|
0-0: Foul Ball, location: 2F 0-1: Ball 1-1: Swinging Strike 1-2: Foul Ball, location: 2F 1-2: Strikes out swinging
|
|
Batting: LHB Tatsuo Yasui
|
0-0: Swinging Strike 0-1: Ball 1-1: Fly out, F9 (Line Drive, 9, EV 98.8 MPH)
|
| Bottom of the 7th over - 0 runs, 0 hits, 0 errors, 0 left on base; Beloit 2 - Charleston 1 |
| TOP OF THE 8TH |
|
Beloit Snappers batting - Pitching for Charleston RiverDogs : RHP Soh Kawashima
|
|
Batting: RHB Jim Conrad
|
0-0: Swinging Strike 0-1: Swinging Strike 0-2: Ball 1-2: Ball 2-2: Strikes out looking
|
|
Pitching: RHP Gustavo Amparo
|
|
|
Batting: RHB Dan Boylan
|
0-0: Ball 1-0: Reached on error, E5 (Groundball, 5, EV 88.8 MPH)
|
|
Batting: RHB Scott Wiggs
|
0-0: Ball Dan Boylan steals 3rd base 1-0: Ball 2-0: Ball 3-0: Called Strike 3-1: Base on Balls
|
|
Batting: SHB D.J. Codd
|
0-0: Ball Scott Wiggs steals 2nd base 1-0: Intentional Walk
|
|
Pinch Hitting: LHB Nick Pacheco
|
0-0: Swinging Strike 0-1: Ball 1-1: Ball 2-1: Called Strike 2-2: Strikes out swinging
|
|
Pinch Hitting: LHB Tom Raupp
|
0-0: Ball 1-0: Foul Ball, location: 2F 1-1: Fly out, F8 (Flyball, 89D, EV 96.2 MPH)
|
| Top of the 8th over - 0 runs, 0 hits, 1 error, 3 left on base; Beloit 2 - Charleston 1 |
| BOTTOM OF THE 8TH |
|
Charleston RiverDogs batting - Pitching for Beloit Snappers : LHP Jimmy Ford
|
|
Pitching: RHP Jan Cole
|
|
|
Now at 1B: Kyle Waters
|
|
|
Now at 3B: Manny Moron
|
|
|
Batting: SHB Blake Abbott
|
0-0: Called Strike 0-1: Ground out 6-3 (Groundball, 56S, EV 89.4 MPH)
|
|
Batting: RHB James Boynton
|
0-0: Ball 1-0: Called Strike 1-1: Foul Ball, location: 2F 1-2: Foul Ball, location: 2F 1-2: Ball 2-2: Ball 3-2: SINGLE (Groundball, 6MD, EV 104.4 MPH)
|
|
Batting: SHB Reagan Dudley
|
0-0: Swinging Strike 0-1: Foul Ball, location: 2F 0-2: Strikes out swinging
|
|
Batting: RHB Riley Nasiir
|
0-0: Ball 1-0: Swinging Strike 1-1: SINGLE (Line Drive, 8RS, EV 102.5 MPH) James Boynton to second
|
|
Batting: SHB Mike Goad
|
0-0: Called Strike 0-1: Called Strike 0-2: Ball 1-2: Ball 2-2: Foul Ball, location: 2F 2-2: Fielders Choice at 2nd, 6-4 (Groundball, 6, EV 105.0 MPH)
|
| Bottom of the 8th over - 0 runs, 2 hits, 0 errors, 2 left on base; Beloit 2 - Charleston 1 |
| TOP OF THE 9TH |
|
Beloit Snappers batting - Pitching for Charleston RiverDogs : RHP Gustavo Amparo
|
|
Pitching: RHP Bruce Cruz
|
|
|
Batting: RHB Rick Linders
|
0-0: Foul Ball, location: 2F 0-1: Ball 1-1: Foul Ball, location: 2F 1-2: Ball 2-2: Strikes out swinging
|
|
Batting: RHB Travis Lanctot
|
0-0: Ball 1-0: Ball 2-0: Called Strike 2-1: Foul Ball, location: 2F 2-2: Strikes out swinging
|
|
Batting: LHB Raita Inouye
|
0-0: Called Strike 0-1: Called Strike 0-2: Ball 1-2: Strikes out swinging
|
| Top of the 9th over - 0 runs, 0 hits, 0 errors, 0 left on base; Beloit 2 - Charleston 1 |
| BOTTOM OF THE 9TH |
|
Charleston RiverDogs batting - Pitching for Beloit Snappers : RHP Jan Cole
|
|
Pitching: RHP Ubbe Dekker
|
|
|
Batting: RHB Eric Blais
|
0-0: Ball 1-0: Foul Ball, location: 2F 1-1: Called Strike 1-2: Strikes out swinging
|
|
Pinch Hitting: LHB Eddie Ramirez
|
0-0: Ball 1-0: Foul Ball, location: 2F 1-1: Called Strike 1-2: SINGLE (Line Drive, 9LD, EV 108.8 MPH)
|
|
Batting: LHB Alex Genao
|
0-0: Called Strike 0-1: Swinging Strike 0-2: Ball 1-2: Grounds into double play, 4-6-3 (Groundball, 34, EV 108.1 MPH)
|
| Bottom of the 9th over - 0 runs, 1 hit, 0 errors, 0 left on base; Beloit 2 - Charleston 1 |
|